 Dungeon Crawl Stone Soup version 0.24-a0-586-g8e0e932a4c (webtiles) character file.

Game seed: 5525880597320299412, levelgen mode: deterministic

39 Mithandil the Conjurer (level 3, -1/20 HPs)
             Began as a Tengu Conjurer on Sept 8, 2019.
             Slain by a goblin
             ... wielding a +0 club
             ... led by Robin
              (2 damage)
             ... on level 2 of the Dungeon.
             The game lasted 00:05:44 (781 turns).

Mithandil the Conjurer (Tengu Conjurer)              Turns: 781, Time: 00:05:44

Health: -1/20      AC:  5    Str:  9    XL:     3   Next: 47%
Magic:  0/7        EV: 11    Int: 15    God:
Gold:   72         SH:  0    Dex: 14    Spells: 4/7 levels left

rFire    . . .     SeeInvis .   i - +0 short sword
rCold    . . .     Gourm    .   (no shield)
rNeg     . . .     Faith    .   m - +0 ring mail
rPois    .         Spirit   .   (helmet restricted)
rElec    .         Reflect  .   (no cloak)
rCorr    .         Harm     .   (no gloves)
MR       .....                  (boots unavailable)
Stlth    ++........             (no amulet)
HPRegen  0.06/turn              j - ring of stealth
MPRegen  0.10/turn              (no ring)

@: no status effects
A: beak, talons 3
a: no special abilities


You were on level 2 of the Dungeon.
You were not hungry.

You visited 1 branch of the dungeon, and saw 2 of its levels.

You collected 72 gold pieces.

Inventory:

Hand Weapons
 b - a +0 dagger
 i - a +0 short sword (weapon)
Missiles
 a - 8 boomerangs (quivered)
 f - 12 bolts
 n - 26 stones
Armour
 m - a +0 ring mail (worn)
Jewellery
 j - a ring of stealth (left hand)
Scrolls
 e - a scroll of amnesia {unknown}
 g - a scroll of noise {unknown}
 h - a scroll of identify {unknown}
 k - a scroll of enchant armour {unknown}
 l - a scroll of magic mapping {unknown}
Comestibles
 c - a ration
 d - 2 chunks of flesh


   Skills:
 + Level 0.8 Fighting
 + Level 2.5 Dodging
 + Level 2.3 Stealth
 * Level 2.5 Spellcasting
 * Level 5.7 Conjurations


You had 4 spell levels left.
You knew the following spells:

 Your Spells              Type           Power        Failure   Level  Hunger
a - Magic Dart            Conj           ###.         5%          1    #......
b - Searing Ray           Conj           ###...       9%          2    ###....

Your spell library contained the following spells:

 Spells                   Type           Power        Failure   Level  Hunger
 Dazzling Spray           Conj/Hex       ##....       47%         3    ###....
 Iskenderun's Mystic Bla  Conj           ###.....     47%         4    #####..
 Force Lance              Conj/Tloc      ##......     87%         4    #####..
 Fulminant Prism          Conj/Hex       ##........   87%         4    #####..


Dungeon Overview and Level Annotations

Branches:
Dungeon (2/15)

Altars:


Innate Abilities, Weirdness & Mutations

You have a beak for a mouth.
You have claws for feet.


Message History

Robin hits you with a +0 club.
* * * LOW HITPOINT WARNING * * *
Casting: Searing Ray (safe; 9% risk of failure)
Confirm with . or Enter, or press ? or * to list all spells.
Aiming: Searing Ray (safe; 9% risk of failure)
Press: ? - help, Shift-Dir - straight line, f/p - Robin
Aim: Robin, wielding a +0 club, wearing a +0 animal skin and wearing a +0 helmet (almost dead)
The searing ray hits Robin.
You kill Robin! (Press . to maintain the ray.)
The goblin misses you.
Without enough magic to sustain it, your searing ray dissipates.
The hobgoblin no longer looks unusually strong.
The goblin hits you with a +0 club.
* * * LOW HITPOINT WARNING * * *
The hobgoblin closely misses you. The goblin closely misses you.
The hobgoblin hits you but does no damage.
The goblin hits you with a +0 club.
You die...

#.# #...........#
#.####...........#
#....#...........#
####.#...........#
#.#...........#
#.............#
####รท.........#
#g#######+##
#@gg..>..
#########


You could see a hobgoblin and 2 goblins.

Vanquished Creatures
  Robin (D:2)
  A dart slug (D:1)
  2 leopard geckos
  A giant cockroach (D:1)
  2 goblins (D:2)
  5 hobgoblins
  4 jackals (D:1)
  2 kobolds (D:1)
  3 bats
  2 rats (D:1)
23 creatures vanquished.

Notes
Turn   | Place    | Note
-------+----------+-------------------------------------------
     0 | D:1      | Mithandil the Tengu Conjurer began the quest for the Orb.
     0 | D:1      | Reached XP level 1. HP: 10/10 MP: 4/4
    88 | D:1      | Reached XP level 2. HP: 14/15 MP: 1/6
   150 | D:1      | Learned a level 2 spell: Searing Ray
   641 | D:1      | Reached XP level 3. HP: 20/20 MP: 0/7
   762 | D:2      | Noticed Robin
   777 | D:2      | HP: 1/20 [Robin/+0 club (3)]
   778 | D:2      | Killed Robin
   781 | D:2      | Slain by a goblin

Levels and vault maps discovered:
D:1:      zaba_arrival_water, layout_loops_ring
D:2:      layout_basic, first_ration, uniq_robin, uniq_jessica

Action                   || total
-------------------------++-------
Melee: Unarmed           ||     9
       Kick              ||     7
       Peck              ||     4
       Short sword       ||    25
 Cast: Magic Dart        ||    31
       Searing Ray       ||     2
  Use: Potion            ||     1
Armor: Robe              ||     3
       Ring mail         ||     7
Dodge: Dodged            ||    36

Table legend:
 A = Non-vault XP
 B = Vault XP
 C = Vault XP percentage of total XP
 D = Non-vault monster count
 E = Vault monster count
 F = Vault count percentage of total count
                 A         B        C        D         E       F
            +---------+---------+-------+---------+---------+-------
      Total |      37 |      20 |  35.1 |      19 |       4 |  17.4
            +---------+---------+-------+---------+---------+-------
        D:1 |      29 |       0 |   0.0 |      15 |       0 |   0.0
        D:2 |       8 |      20 |  71.4 |       4 |       4 |  50.0
            +---------+---------+-------+---------+---------+-------
